 Dungeon Crawl Stone Soup version 0.27.1-34-g3ba077fa99 (webtiles) character file.

Game seed: 8508415746017993346

6895 unlimited1921 the Ogre Mage (level 11, -9/111 HPs)
             Began as an Ogre Fire Elementalist on Jan 13, 2022.
             Was an Initiate of Gozag.
             Mangled by Gastronok the rockslime (48 damage)
             ... on level 8 of the Dungeon.
             The game lasted 01:37:32 (18168 turns).

unlimited1921 the Ogre Mage (OgFE)                 Turns: 18168, Time: 01:37:33

Health: -9/111     AC:  4    Str: 15    XL:     11   Next: 6%
Magic:  2/23       EV: 11    Int: 18    God:    Gozag
Gold:   702        SH:  0    Dex: 15    Spells: 11/27 levels left

rFire    . . .     SeeInvis .   K - +2 hunting sling (flame)
rCold    . . .     Faith    .   (no shield)
rNeg     . . .     Spirit   .   a - +0 robe
rPois    .         Reflect  .   h - +0 hat
rElec    .         Harm     .   J - +0 cloak
rCorr    .         Rampage  .   (gloves unavailable)
Will     +....                  (boots unavailable)
Stlth    ++........             (no amulet)
HPRegen  0.28/turn              f - +6 ring of dexterity
MPRegen  0.18/turn              D - ring of wizardry

@: no status effects
A: large, unfitting armour, tough skin 1
a: Renounce Religion, Potion Petition, Call Merchant, Bribe Branch


You were on level 8 of the Dungeon.
You worshipped Gozag.
Gozag was pleased with you.
You visited 1 branch of the dungeon, and saw 8 of its levels.
You also visited: Bailey.

You collected 755 gold pieces.
You paid 53 gold pieces to Gozag.

Inventory:

Hand Weapons
 d - a +2 dagger of freezing
 q - a +0 flail
 s - a +0 halberd
 x - a +2 scimitar of flaming
 K - a +2 hunting sling of flaming (weapon)
 L - a +2 dagger of distortion
Missiles
 c - 178 stones (quivered ammo)
 e - 145 bolts
 i - 7 poisoned darts
 k - 59 sling bullets
 m - a throwing net
 r - 70 arrows
 G - 3 atropa-tipped darts (quivered)
 I - 4 javelins
Armour
 a - a +0 robe (worn)
 h - a +0 hat (worn)
 C - a scarf of invisibility
 J - a +0 cloak (worn)
Jewellery
 f - a +6 ring of dexterity (left hand)
 A - a ring of flight
 D - a ring of wizardry (right hand)
Wands
 b - a wand of mindburst (9)
 g - a wand of charming (7)
 z - a wand of polymorph (10)
 H - a wand of flame (23)
Scrolls
 j - a scroll of fear
 n - a scroll of vulnerability
 p - a scroll of teleportation
 u - 3 scrolls of amnesia
 y - a scroll of blinking
 F - a scroll of immolation
Potions
 l - a potion of brilliance
 o - a potion of might
 t - 3 potions of haste
 v - 3 potions of curing
 w - a potion of attraction
 B - 2 potions of cancellation {unknown}
 E - 2 potions of flight {unknown}


   Skills:
 * Level 8.0 Fighting
 - Level 1.0 Short Blades
 * Level 4.2 Throwing
 * Level 4.3 Dodging
 - Level 2.4 Stealth
 * Level 8.6 Spellcasting
 * Level 5.3 Conjurations
 * Level 4.7 Hexes
 * Level 2.4 Summonings
 * Level 2.5 Translocations
 * Level 7.0 Fire Magic


You had 11 spell levels left.
You knew the following spells:

 Your Spells              Type           Power      Damage    Failure   Level
a - Foxfire               Conj/Fire      100%       2x1d9     1%          1
b - Inner Flame           Hex/Fire       29%        N/A       1%          3
c - Summon Guardian Gole  Hex/Summ       20%        N/A       2%          3
d - Blink                 Tloc           N/A        N/A       1%          2
e - Stone Arrow           Conj/Erth      34%        3d9       3%          3
f - Hailstorm             Conj/Ice       17%        3d6       12%         4

Your spell library contained the following spells:

 Spells                   Type           Power      Damage    Failure   Level
 Static Discharge         Conj/Air       17%        N/A       1%          2
 Conjure Flame            Conj/Fire      30%        6-21      1%          3
 Sticky Flame             Conj/Fire      30%        2d5       2%          4
 Beastly Appendage        Tmut           14%        N/A       4%          1
 Freeze                   Ice            28%        1d5       4%          1
 Lesser Beckoning         Tloc           8%         N/A       4%          3
 Fireball                 Conj/Fire      15%        3d8       9%          5
 Frozen Ramparts          Ice            14%        1d3       12%         3
 Bolt of Magma            Conj/Fire/Erth 11%        4d7       19%         5
 Manifold Assault         Tloc           16%        N/A       32%         5
 Dispel Undead            Necr           7%         3d8       34%         4
 Orb of Destruction       Conj           13%        9d6       96%         7
 Spellforged Servitor     Conj/Summ      10%        N/A       99%         7
 Ozocubu's Refrigeration  Ice            3%         4d5       100%        7
 Shatter                  Erth           3%         3d7*      100%        9


Dungeon Overview and Level Annotations

Branches:
Dungeon (8/15)             Temple (0/1) D:7          Bailey (visited)
   Lair: D:8-11

Altars:
Ashenzari
Fedhas
Gozag
Okawaru
Qazlal
Uskayaw
Xom
Zin

Annotations:
D:5 2 runed translucent doors, Flarelocke's ghost, novice HuIE
D:8 Gastronok


Innate Abilities, Weirdness & Mutations

You are too large for most types of armour.
You have tough skin. (AC +1)


Message History

You throw a throwing net. The throwing net hits Gastronok.
Gastronok is too large for the net to hold!
Your extra speed is starting to run out.
You see here a +0 robe.
c - 178 stones (gained 1)
You feel yourself slow down.
You see here a stone.
Throw: 5 darts (atropa)
Press: ? - help, Q - select action, (/) - cycle Shift-Dir - straight line, f/p - Gastronok
Aim: Gastronok the rockslime (91% to hit, chance to blind on hit: 0%)
You throw an atropa-tipped dart. The atropa-tipped dart hits Gastronok!
Gastronok resists.
You see here a throwing net.
m - a throwing net Gastronok barely misses you.
Throw: 4 darts (atropa)
Press: ? - help, Q - select action, (/) - cycle Shift-Dir - straight line, f/p - Gastronok
Aim: Gastronok the rockslime (91% to hit, chance to blind on hit: 0%)
You throw an atropa-tipped dart. The atropa-tipped dart hits Gastronok.
Gastronok resists.
Gastronok hits you!!!
You stumble backwards!
Unknown command.
Casting: Blink (safe; 1% risk of failure)
Confirm with . or Enter, or press ? or * to list all spells.
You blink.
Gastronok closely misses you.
Casting: Blink (safe; 1% risk of failure)
Confirm with . or Enter, or press ? or * to list all spells.
A guardian golem appears, shielding your allies.
Gastronok misses you. Gastronok hits you!!
You hold your ground!
Gastronok jiggles.
Unknown command.
Casting: Summon Guardian Golem (mildly dangerous; 2% risk of failure)
Confirm with . or Enter, or press ? or * to list all spells.
You blink.
Gastronok closely misses you. Gastronok hits you.
You stumble backwards!
Gastronok hits you!!!
You die...
Your body crumbles into a pile of gold.

#...###....########
#..................
##########......#....
#...............#....
#..........#.#.(.....
#..........#.#..(....
#..........#.#.......
#............#.......
###...@....[###...##(..
#....J##.........###...
#.....##....#...#..[...
#....8.................
#...................###
#..[................###
#...................)..
#...................#..
#................####..


You could see Gastronok the rockslime (ally target) and a friendly guardian
golem (summoned).

Vanquished Creatures
  A hydra (D:7)
  Erica (D:8)
  A deep elf pyromancer (D:8)
  An orc knight (Bailey)
  A centaur zombie (D:6)
  Joseph (D:8)
  Psyche (D:8)
  The ghost of bearfacebrad the Covered, an amateur HuFi (D:3)
  Grinder (D:6)
  A wyvern (D:8)
  Grum (D:8)
  A steam dragon (D:7)
  2 ice beasts
  3 sky beasts
  5 orc warriors
  2 black bears (D:7)
  An ogre (D:6)
  A necrophage (D:7)
  2 wolves (D:8)
  A centaur (D:7)
  A bullfrog (D:6)
  2 gnoll sergeants
  2 scorpions
  A water moccasin zombie (D:5)
  A water moccasin skeleton (D:6)
  6 killer bees (D:8)
  2 howler monkeys
  4 jellies
  An orc priest (D:4)
  A bullfrog zombie (D:5)
  3 bullfrog skeletons
  4 hounds
  2 iguanas (D:7)
  2 orc wizards
  A hound zombie (D:5)
  2 hound skeletons (D:4)
  4 adders
  5 gnolls (D:7)
  A howler monkey skeleton (D:7)
  A river rat (D:6)
  A shadow imp (D:6)
  A white imp (D:7)
  An adder skeleton (D:4)
  2 worms
  2 dart slugs
  20 orcs
  7 bats
  11 endoplasms
  2 giant cockroaches
  4 hobgoblins
  6 jackals
  4 kobolds (D:1)
  4 quokkas
  5 ball pythons
  3 frilled lizards
  9 goblins
  9 rats
166 creatures vanquished.

Vanquished Creatures (others)
  699 foxfires
  6 fungi
  5 plants
710 creatures vanquished.

Grand Total: 876 creatures vanquished

Notes
Turn   | Place    | Note
-------+----------+-------------------------------------------
     0 | D:1      | unlimited1921 the Ogre Fire Elementalist began the quest
                  | for the Orb.
     0 | D:1      | Reached XP level 1. HP: 16/16 MP: 3/3
   229 | D:1      | Reached XP level 2. HP: 24/24 MP: 1/5
  1378 | D:1      | Reached skill level 1 in Conjurations
  1525 | D:1      | Reached XP level 3. HP: 31/31 MP: 1/6
  2727 | D:2      | Found a faded altar of an unknown god.
  2875 | D:2      | Reached XP level 4. HP: 39/39 MP: 1/8
  3986 | D:2      | Found a glowing silver altar of Zin.
  4137 | D:3      | Found a runed translucent door.
  4140 | D:3      | Noticed bearfacebrad's ghost (amateur HuFi)
  4530 | D:3      | Reached skill level 1 in Fighting
  6090 | D:4      | Reached XP level 5. HP: 45/48 MP: 4/9
  6773 | D:4      | Found a shimmering altar of Xom.
  6773 | D:4      | Found a stormy altar of Qazlal.
  6774 | D:4      | Found a blossoming altar of Fedhas.
  6828 | D:4      | Reached skill level 1 in Throwing
  7089 | D:4      | Reached XP level 6. HP: 40/61 MP: 2/11
  7199 | D:4      | Learned a level 3 spell: Inner Flame
  7685 | D:5      | Entered Level 5 of the Dungeon
  7685 | D:5      | Noticed a sky beast
  7746 | D:4      | Killed a sky beast
  7747 | D:4      | Reached skill level 1 in Hexes
  7747 | D:4      | Reached XP level 7. HP: 26/67 MP: 0/12
  8332 | D:3      | HP: 2/67 [bearfacebrad's ghost (11)]
  8342 | D:3      | Killed bearfacebrad's ghost
  9390 | D:5      | Reached XP level 8. HP: 79/79 MP: 8/14
  9994 | D:5      | Found a large runed translucent door.
  9995 | D:5      | Found a large runed translucent door.
  9997 | D:5      | Noticed Flarelocke's ghost (novice HuIE)
 11584 | D:6      | Reached skill level 5 in Fighting
 11584 | D:6      | Reached skill level 5 in Spellcasting
 12030 | D:6      | Found a broken altar of Ashenzari.
 12049 | D:6      | Noticed Grinder
 12094 | D:6      | Killed Grinder
 12095 | D:6      | Reached skill level 1 in Short Blades
 12095 | D:6      | Reached XP level 9. HP: 82/88 MP: 0/17
 12308 | D:6      | Learned a level 3 spell: Summon Guardian Golem
 12329 | D:6      | Got the Catalogue of Ice and Transmutation
 12457 | D:6      | Reached skill level 5 in Fire Magic
 12711 | D:6      | Found an opulent altar of Gozag.
 12719 | D:6      | Became a worshipper of Gozag Ym Sagoz the Greedy
 12870 | D:7      | Learned a level 2 spell: Blink
 12880 | D:7      | Noticed a seven-headed hydra
 13250 | D:7      | Killed a seven-headed hydra
 13618 | D:7      | Found a staircase to the Ecumenical Temple.
 14374 | D:7      | Reached XP level 10. HP: 102/102 MP: 13/20
 14509 | D:7      | Found a hide-covered altar of Uskayaw.
 14636 | D:7      | Reached skill level 1 in Summonings
 14946 | D:7      | Reached skill level 1 in Translocations
 15387 | D:8      | Noticed Joseph
 15400 | D:8      | Killed Joseph
 15401 | D:8      | Found a flagged portal.
 16038 | Bailey   | Entered a bailey
 16038 | Bailey   | Noticed an orc knight
 16048 | Bailey   | Killed an orc knight
 16062 | Bailey   | Reached skill level 5 in Conjurations
 16679 | D:8      | Noticed Grum
 16699 | D:8      | Killed Grum
 17037 | D:8      | Noticed Erica
 17052 | D:8      | Killed Erica
 17057 | D:8      | Noticed a deep elf pyromancer
 17066 | D:8      | Killed a deep elf pyromancer
 17067 | D:8      | Reached XP level 11. HP: 111/111 MP: 1/23
 17621 | D:8      | Noticed Psyche
 17628 | D:8      | Noticed Gastronok
 17655 | D:8      | Killed Psyche
 17656 | D:8      | Noticed Gastronok
 17714 | D:7      | Learned a level 3 spell: Stone Arrow
 17719 | D:7      | Learned a level 4 spell: Hailstorm
 17899 | D:8      | Found an iron altar of Okawaru.
 18168 | D:8      | Mangled by Gastronok the rockslime

Illustrated notes

Levels and vault maps discovered:
D:1:      elethiomel_arrival_infinity_welcomes_careful_drivers, layout_basic,
          minivault_25, minmay_pentomino_o4
D:2:      layout_rooms, basic_altar, shapermc_ecumenical_altar_ellora,
          grunt_ministairs_15, minmay_misc_feat_tiny,
          chequers_hall_statues_wall_a, kennysheep_decorative_pillar
D:3:      layout_basic, ebering_ghost_reflecting_pool
D:4:      layout_basic, gammafunk_temple_overflow_forgotten
D:5:      layout_basic, ebering_ghost_disaster_area
D:6:      layout_cave_pools, evilmike_ruin_ashenzari,
          mainiacjoe_overflow_tiny_flanked, portal_sewer_entry_a,
          chequers_avenue, uniq_grinder
D:7:      minmay_evil_eye, layout_cave_pods, eat_drink_and_be_merry_uskayaw,
          temple_doors_e
D:8:      layout_basic, mainiacjoe_overflow_boulevard, enter_bailey_4,
          minmay_misc_feat_iff, minmay_chambers_of_fives, uniq_psyche,
          uniq_grum, uniq_joseph, uniq_gastronok, uniq_erica

Skill      XL: |  1  2  3  4  5  6  7  8  9 10 11 |
---------------+----------------------------------+-----
Fire Magic     | 3 4 5 7 |  7.0
Conjurations   | 1 2 3 4 5 |  5.3
Dodging        | 2 3 4 |  4.3
Spellcasting   | 3 4 5 6 8 |  8.6
Fighting       | 1 3 4 5 7 8 |  8.0
Throwing       | 1 2 4 |  4.2
Stealth        | 2 |  2.4
Hexes          | 1 3 4 |  4.7
Short Blades   | 1 |  1.0
Summonings     | 2 |  2.4
Translocations | 2 |  2.5

Action                   |  1- 3 |  4- 6 |  7- 9 | 10-12 || total
-------------------------+-------+-------+-------+-------++-------
Melee: Dagger            |    30 |    20 |     8 |       ||    58
       Short sword       |       |       |     7 |       ||     7
 Fire: Hunting sling     |       |       |       |    13 ||    13
Throw: Dart              |       |       |    15 |     6 ||    21
       Throwing net      |       |       |       |     3 ||     3
 Cast: Foxfire           |    62 |   131 |   174 |    76 ||   443
       Inner Flame       |       |       |    33 |    33 ||    66
       Blink             |       |       |       |     5 ||     5
       Summon Guardian G |       |       |       |     3 ||     3
       Hailstorm         |       |       |       |     2 ||     2
       Stone Arrow       |       |       |       |     1 ||     1
Evoke: Wand              |       |       |       |     4 ||     4
  Use: Scroll            |       |       |    10 |     3 ||    13
       Potion            |       |       |     4 |     5 ||     9
Armor: Robe              |    13 |    10 |    31 |     6 ||    60
Dodge: Dodged            |    13 |    12 |    43 |    24 ||    92
